 Dungeon Crawl Stone Soup version 0.30.1-9-gdf580d7c3d (webtiles) character file.

Game seed: 976796700717584064

2 Fonturacetamum the Digger (level 1, 0/10 HPs)
             Began as a Gargoyle Earth Elementalist on Sept 27, 2023.
             Slain by an endoplasm (2 damage)
             ... on level 1 of the Dungeon.
             The game lasted 00:02:45 (116 turns).

Fonturacetamum the Digger (GrEE)                     Turns: 116, Time: 00:02:45

Health: 0/10       AC:  4    Str: 11    XL:     1   Next: 40%
Magic:  1/3        EV: 11    Int: 15    God:
Gold:   12         SH:  0    Dex: 10    Spells: 3/4 levels left

rFire   . . .        (no weapon)
rCold   . . .        (no shield)
rNeg    + . .        a - +0 robe
rPois   ∞            (no helmet)
rElec   +            (no cloak)
rCorr   .            (no gloves)
SInv    .            (no boots)
Will    .....        (no amulet)
Stlth   ++           (no ring)
HPRegen 0.21/turn    (no ring)
MPRegen 0.08/turn

%: no passive effects
@: no status effects
A: sickness immunity, AC +2, negative energy resistance 1, electricity
resistance, torment resistance 1, petrification resistance
a: no special abilities


You were on level 1 of the Dungeon.
You visited 1 branch of the dungeon, and saw 1 of its levels.

You collected 12 gold pieces.

Inventory:

Armour
 a - a +0 robe (worn)
Scrolls
 c - a scroll of teleportation {unknown}
 d - a scroll of poison {unknown}
Potions
 b - 3 potions of magic
 e - a potion of degeneration {unknown}


   Skills:
 + Level 1.5 Dodging
 + Level 2.4 Stealth
 + Level 2.0 Spellcasting
 + Level 0.7 Transmutations
 + Level 3.7 Earth Magic


You had 3 spell levels left.
You knew the following spells:

 Your Spells              Type           Power      Damage    Failure   Level
a - Sandblast             Erth           24%        2d8       4%          1

Your spell library contained the following spells:

 Spells                   Type           Power      Damage    Failure   Level
 Passwall                 Tmut/Erth      6%         N/A       14%         2
 Stone Arrow              Conj/Erth      14%        3d7       30%         3
 Petrify                  Tmut/Erth      8%         N/A       65%         4


Dungeon Overview and Level Annotations

Branches:
Dungeon (1/15)

Altars:


Innate Abilities, Weirdness & Mutations

You are immune to sickness and miasma.
Your stone body is resilient. (AC +2)
You are immune to poison.
You resist negative energy. (rN+)
You are resistant to electric shocks. (rElec)
You are resistant to unholy torment.
You are immune to petrification.


Message History

The bat attacks as you move away! The bat closely misses you.
The hobgoblin attacks as you move away! The hobgoblin closely misses you.
The bat hits you but does no damage. The bat hits you.
The bat hits you but does no damage.
You miss the bat. The bat barely misses you. The bat closely misses you.
Casting: Sandblast (safe; 4% risk of failure)
Confirm with . or Enter, or press ? or * to list all spells.
Aiming: Sandblast (safe; 4% risk of failure)
Press: ? - help, Shift-Dir - straight line, f - bat
Aim: a bat (73% to hit)
The blast of sand hits the bat!
You kill the bat!
The ball python misses you. The ball python grabs you.
The ball python constricts you.
Casting: Sandblast (safe; 4% risk of failure)
Confirm with . or Enter, or press ? or * to list all spells.
You don't know that spell.
Casting: Sandblast (safe; 4% risk of failure)
Confirm with . or Enter, or press ? or * to list all spells.
Aiming: Sandblast (safe; 4% risk of failure)
Press: ? - help, Shift-Dir - straight line, f - ball python
Aim: a ball python (heavily wounded, constricting you, 80% to hit)
The blast of sand hits the ball python!
You kill the ball python!
The endoplasm hits you.
You hit the endoplasm but do no damage. The endoplasm freezes you.
You are frozen.
You hit the endoplasm but do no damage. The endoplasm misses you.
You hit the endoplasm.
The endoplasm is moderately wounded.
The endoplasm freezes you.
You are frozen.
* * * LOW HITPOINT WARNING * * *
The endoplasm attacks as you move away!
The endoplasm hits you but does no damage.
You see here 6 stones.
The endoplasm attacks as you move away! The endoplasm barely misses you.
The endoplasm attacks as you move away! The endoplasm hits you.
You die...

.≈#≈≈≈#≈≈≈##
.≈#≈≈≈#≈≈≈≈### ##§≈
≈≈≈≈≈≈#≈≈≈≈≈≈#######≈≈≈≈
...≈≈≈≈≈≈≈≈≈≈≈≈P.§§§≈≈≈≈
......≈≈≈≈≈≈≈≈≈.P§≈§≈≈≈≈
##..........≈≈≈P..≈§§...
#####..........P......(
.######.......PP..# #.#
#######@###### #.. ##.##
#J.##
#####.##...####(..###
.........#.†g.g.....#
##...#...####...#.#
#......## ##.##.#
.......#### .# # .......
.# ##:##.. .#


You could see an endoplasm and a hobgoblin.

Vanquished Creatures
  2 ball pythons (D:1)
  A bat (D:1)
3 creatures vanquished.

Notes
Turn   | Place    | Note
-------+----------+-------------------------------------------
     0 | D:1      | Fonturacetamum the Gargoyle Earth Elementalist began the
                  | quest for the Orb.
     0 | D:1      | Reached XP level 1. HP: 10/10 MP: 3/3
   116 | D:1      | Slain by an endoplasm

Illustrated notes

Levels and vault maps discovered:
D:1:      dpeg_arrival_water_fire, layout_loops_ring, serial_shops, shop

Action                     || total
---------------------------++-------
  Melee: Unarmed           ||    12
   Cast: Sandblast         ||     2
   Stab: Sleeping          ||     1
 Armour: Robe              ||     4
  Dodge: Dodged            ||    13
